 Dungeon Crawl Stone Soup version 0.32-a0-42-ga30500b4d3 (webtiles) character file.

Game seed: 18372348869102638445

57 seren the Vexing (level 4, -2/33 HPs)
             Began as a Formicid Hexslinger on Feb 2, 2024.
             Was an Initiate of Qazlal.
             Slain by Ijyb
             ... wielding a +0 club
              (3 damage)
             ... on level 3 of the Dungeon.
             The game lasted 00:04:26 (1162 turns).

seren the Vexing (Formicid Hexslinger)              Turns: 1162, Time: 00:04:26

Health: -2/33      AC:  2    Str: 15    XL:     4   Next: 18%
Magic:  6/6        EV: 12    Int: 13    God:    Qazlal [......]
Gold:   110        SH:  0    Dex: 13    Spells: 4/6 levels left

rFire   + + .        a - +0 sling "Bauvoz" {freeze, rF+ rCorr Str+3 Dex-5}
rCold   + . .        (no shield)
rNeg    . . .        c - +0 robe
rPois   +            (helmet unavailable)
rElec   +            (no cloak)
rCorr   +            (no gloves)
SInv    +            (no boots)
Will    .....        q - amulet of faith
Stlth   +            p - ring of wizardry
HPRegen 0.25/turn    (no ring)
MPRegen 0.10/turn

%: faith, wizardry (x1)
@: resistant
A: permanent stasis, dig shafts and tunnels, antennae 3, four strong arms
a: Dig, Shaft Self, Renounce Religion


You were on level 3 of the Dungeon.
You worshipped Qazlal.
Qazlal was noncommittal.
You visited 1 branch of the dungeon, and saw 3 of its levels.

You collected 132 gold pieces.
You spent 22 gold pieces at shops.

Inventory:

Hand Weapons
 a - the +0 sling "Bauvoz" (weapon) {freeze, rF+ rCorr Str+3 Dex-5}
   (You found it on level 2 of the Dungeon)

   Str+3:     It affects your strength (+3).
   Dex-5:     It affects your dexterity (-5).
   rF+:       It protects you from fire.
   rCorr:     It protects you from acid and corrosion.
 b - a +4 dagger
 n - a +1 sling
Missiles
 i - 2 poisoned darts
Armour
 c - a +0 robe (worn)
Jewellery
 p - a ring of wizardry (left hand)
 q - an amulet of faith (around neck)
 t - the ring "Hodwil" {MP+9 Int+6}
   (You found it on level 2 of the Dungeon)

   [ring of intelligence]

   Int+6:     It affects your intelligence (+6).
   MP+9:      It affects your magic capacity (+9).
Scrolls
 d - a scroll of fog {unknown}
 e - 2 scrolls of amnesia {unknown}
 k - 2 scrolls of identify
 l - a scroll of noise {unknown}
 m - a scroll of fear {unknown}
 o - a scroll of poison
 r - a scroll of vulnerability {unknown}
Potions
 f - a potion of magic {unknown}
 g - 2 potions of attraction
 j - a potion of enlightenment {unknown}
 s - a potion of haste {unknown}


   Skills:
 + Level 2.1 Fighting
 * Level 2.3 Ranged Weapons
 + Level 2.2 Dodging
 + Level 1.7 Spellcasting
 + Level 4.0 Hexes
 + Level 1.5 Fire Magic


You had 4 spell levels left.
You knew the following spells:

 Your Spells              Type           Power      Damage    Failure   Level
a - Jinxbite              Hex            22%        N/A       3%          2

Your spell library contained the following spells:

 Spells                   Type           Power      Damage    Failure   Level
 Sigil of Binding         Hex            11%        N/A       6%          3
 Apportation              Tloc           2%         N/A       11%         1
 Necrotise                Necr           4%         1d4       11%         1
 Sting                    Conj/Alch      4%         1d3       11%         1
 Summon Small Mammal      Summ           4%         N/A       11%         1
 Inner Flame              Hex/Fire       8%         N/A       11%         3
 Cause Fear               Hex            5%         N/A       21%         4
 Dimensional Bullseye     Hex/Tloc       3%         N/A       41%         4


Dungeon Overview and Level Annotations

Branches:
Dungeon (3/15)

Altars:
Qazlal

Shops:
D:2 ?

Annotations:
D:3 Ijyb


Innate Abilities, Weirdness & Mutations

You cannot be hasted, slowed, berserked, paralysed or teleported.
You can dig through walls and to a lower floor.
You have a pair of large antennae on your head. (SInv)
Your four strong arms can wield two-handed weapons with a shield.


Message History

Press: ? - help, Q - select action, (/) - cycle Shift-Dir - straight line, f/p - Ijyb
Aim: Ijyb, wielding a +0 club, wearing a +0 ring mail and carrying a wand of flame (severely wounded, 52% to hit)
You shoot a sling bullet. The sling bullet closely misses Ijyb.
Ijyb closely misses you.
Fire: a) +0 sling "Bauvoz" {freeze, rF+ rCorr Str+3 Dex-5}
Press: ? - help, Q - select action, (/) - cycle Shift-Dir - straight line, f/p - Ijyb
Aim: Ijyb, wielding a +0 club, wearing a +0 ring mail and carrying a wand of flame (severely wounded, 52% to hit)
You shoot a sling bullet. The sling bullet barely misses Ijyb.
Ijyb hits you with a +0 club.
* * * LOW HITPOINT WARNING * * *
Ijyb hits you with a +0 club.
* * * LOW HITPOINT WARNING * * *
Fire: a) +0 sling "Bauvoz" {freeze, rF+ rCorr Str+3 Dex-5}
Press: ? - help, Q - select action, (/) - cycle Shift-Dir - straight line, f/p - Ijyb
Aim: Ijyb, wielding a +0 club, wearing a +0 ring mail and carrying a wand of flame (severely wounded, 52% to hit)
You shoot a sling bullet.
The sling bullet hits Ijyb but does no damage.
Ijyb is severely wounded.
Ijyb barely misses you.
Fire: a) +0 sling "Bauvoz" {freeze, rF+ rCorr Str+3 Dex-5}
Press: ? - help, Q - select action, (/) - cycle Shift-Dir - straight line, f/p - Ijyb
Aim: Ijyb, wielding a +0 club, wearing a +0 ring mail and carrying a wand of flame (severely wounded, 52% to hit)
You shoot a sling bullet. The sling bullet closely misses Ijyb.
Ijyb misses you.
It was a potion of resistance.
You feel protected. Ijyb closely misses you.
Fire: a) +0 sling "Bauvoz" {freeze, rF+ rCorr Str+3 Dex-5}
Press: ? - help, Q - select action, (/) - cycle Shift-Dir - straight line, f/p - Ijyb
Aim: Ijyb, wielding a +0 club, wearing a +0 ring mail and carrying a wand of flame (severely wounded, 52% to hit)
You shoot a sling bullet. The sling bullet barely misses Ijyb.
Ijyb screams, "Die!"
Ijyb zaps a wand.
The puff of flame hits you. You resist.
* * * LOW HITPOINT WARNING * * *
Fire: a) +0 sling "Bauvoz" {freeze, rF+ rCorr Str+3 Dex-5}
Press: ? - help, Q - select action, (/) - cycle Shift-Dir - straight line, f/p - Ijyb
Aim: Ijyb, wielding a +0 club, wearing a +0 ring mail and carrying a wand of flame (severely wounded, 52% to hit)
You shoot a sling bullet. The sling bullet closely misses Ijyb.
Ijyb hits you with a +0 club.
You die...

{ ### #<# #.#
#.# #.# #.# #.#
#.# #@# #g# #.#
## #.# ..
##.#.##.#.#####
#..............
.......>#.#####
#......†#.#
........# #


You could see Ijyb.

Vanquished Creatures
  2 adders (D:2)
  A ball python (D:2)
  4 bats
  3 endoplasms
  4 giant cockroaches
  3 hobgoblins
  2 jackals (D:2)
  2 kobolds
  3 frilled lizards (D:1)
  7 goblins
  3 rats
34 creatures vanquished.

Notes
Turn   | Place    | Note
-------+----------+-------------------------------------------
     0 | D:1      | seren the Formicid Hexslinger began the quest for the Orb.
     0 | D:1      | Reached XP level 1. HP: 15/15 MP: 2/2
    70 | D:1      | Reached XP level 2. HP: 21/21 MP: 3/3
   534 | D:2      | Reached XP level 3. HP: 27/27 MP: 5/5
   554 | D:2      | Found Inuttaul's Magic Scroll Boutique.
   554 | D:2      | Identified the +0 sling "Bauvoz" {freeze, rF+ rCorr Str+3
                  | Dex-5}
   580 | D:2      | HP: 1/27 [jackal (2)]
   593 | D:2      | Reached skill level 4 in Hexes
   679 | D:2      | Bought a scroll of identify for 22 gold pieces
   789 | D:2      | Reached XP level 4. HP: 33/33 MP: 6/6
   794 | D:2      | Found a stormy altar of Qazlal.
   805 | D:2      | Became a worshipper of Qazlal Stormbringer
   831 | D:2      | Learned a level 2 spell: Jinxbite
   867 | D:2      | Found a faded altar of an unknown god.
   973 | D:2      | Identified the ring "Hodwil" {MP+9 Int+6}
  1121 | D:3      | Noticed Ijyb
  1161 | D:3      | HP: 1/33 [Ijyb/puff of flame (4)]
  1162 | D:3      | Slain by Ijyb

Illustrated notes

Levels and vault maps discovered:
D:1:      scummos_arrival_gate, layout_basic
D:2:      layout_rooms, dreamdust_ecumenical_altar_grove, basic_altar,
          serial_shops, shop_fountains, kennysheep_potato
D:3:      layout_basic, uniq_ijyb

Skill      XL: |  1  2  3  4 |
---------------+-------------+-----
Dodging        | 2 |  2.2
Hexes          | 4 |  4.0
Fighting       | 2 |  2.1
Ranged Weapons | |  2.3
Spellcasting   | |  1.7
Fire Magic     | |  1.5

Action                     |  1- 3 |  4- 6 || total
---------------------------+-------+-------++-------
   Fire: Sling             |    84 |    57 ||   141
    Use: Potion            |     3 |     1 ||     4
 Armour: Robe              |    32 |    25 ||    57
  Dodge: Dodged            |    44 |    26 ||    70

Table legend: (Time is in decaauts)
 A = Elapsed time spent in this place.
 B = Non-inter-level travel time spent in this place.
 C = Inter-level travel time spent in this place.
 D = Time resting spent in this place.
 E = Time spent auto-exploring this place.
 F = Levels seen in this place.
 G = Mean time per level.
                   A        B        C        D        E       F      G
               +--------+--------+--------+--------+--------+-----+--------+
         Total |   1200 |   1145 |     55 |     81 |    684 |   3 |  400.0 |
       Dungeon |   1200 |   1145 |     55 |     81 |    684 |   3 |  400.0 |
               +--------+--------+--------+--------+--------+-----+--------+

Top non-repeatable levels by time:
     D:2: 599 daAuts
     D:1: 539 daAuts
     D:3: 60 daAuts
